AoeStats
← [GG] Shevchenko 7

African Clearing

505767380Analyzed
2v2 RM · 23d ago on Sep 11, 2026· 41m 25s· 4 players
Game mode
Random Map
Map size
Medium (4 player)
Population
200
Speed
Normal
Resources
Standard
Victory
Conquest
Starting age
Dark Age
Ending age
Imperial Age
RankedLock teamsTeams togetherTeam positionsShared explorationLock speedFull tech treeHidden civsTurbo modeCheats
Victory
Defeat
🇨🇱 Japanese · Chile
1023
+18
🇨🇱 Ethiopians · Chile
992
+19
🇧🇷 Malians · Brazil
1075
-19
🇧🇷 Huns · Brazil
1055
-18
Homero Comunista
5:41 Loom
16:05 Feudal Age
19:38 Fletching
19:49 Padded Archer Armor
22:58 Castle Age
23:08 Double-Bit Axe
23:05 Horse Collar
23:17 Gold Mining
23:09 Crossbowman
24:49 Bodkin Arrow
29:10 Thumb Ring
31:21 Wheelbarrow
30:32 Town Watch
38:38 Ballistics
44:05 Imperial Age
.-DOIAS
11:07 Loom
16:55 Feudal Age
20:55 Bloodlines
21:50 Arson
22:53 Double-Bit Axe
27:21 Castle Age
26:01 Forging
28:05 Pikeman
29:42 Squires
29:47 Scale Mail Armor
31:18 Bow Saw
31:51 Husbandry
34:58 Gambesons
35:34 Chain Mail Armor
41:57 Wheelbarrow
[GG] Shevchenko 7
3:26 Loom
14:49 Feudal Age
24:18 Castle Age
24:15 Scale Barding Armor
29:25 Wheelbarrow
32:13 Wheelbarrow
36:30 Husbandry
[GG] Trezeguet
11:43 Feudal Age
11:24 Loom
12:43 Horse Collar
12:51 Double-Bit Axe
15:22 Scale Mail Armor
17:05 Bloodlines
22:36 Castle Age
23:29 Husbandry
25:16 Scale Barding Armor
28:10 Chain Mail Armor
Connection lost

Rejoining the realm…

Still unreachable

The connection could not be restored.

Session expired

The server has moved on; the page needs a fresh start.